 Dungeon Crawl Stone Soup version 0.21.1-1-g345015f (webtiles) character file.

153 Kairos the Chopper (level 5, -8/39 HPs)
             Began as a Human Skald on Mar 24, 2018.
             Mangled by an orc
             ... wielding a +2 whip of electrocution
              (11 damage)
             ... on level 4 of the Dungeon.
             The game lasted 00:04:08 (2914 turns).

Kairos the Chopper (Human Skald)                    Turns: 2914, Time: 00:04:09

Health: -8/39      AC:  8    Str: 13    XL:     5   Next: 61%
Magic:  8/8        EV: 10    Int: 13    God:
Gold:   45         SH:  0    Dex: 12    Spells: 7/8 levels left

rFire    . . .     SeeInvis .   a - +0 hand axe
rCold    . . .     Gourm    .   (no shield)
rNeg     . . .     Faith    .   l - +2 scale mail {rPois}
rPois    +         Spirit   .   (no helmet)
rElec    .         Reflect  .   (no cloak)
rCorr    .         Harm     .   (no gloves)
MR       .....                  (no boots)
Stlth    ..........             s - amulet of magic regeneration
HPRegen  0.13/turn              (no ring)
MPRegen  0.36/turn              (no ring)

@: no status effects
A: no striking features
a: no special abilities


You were on level 4 of the Dungeon.
You were not hungry.

You visited 1 branch of the dungeon, and saw 4 of its levels.

You collected 45 gold pieces.

Inventory:

Hand Weapons
 a - a +0 hand axe (weapon)
Armour
 b - a +0 leather armour
 l - a +2 scale mail of poison resistance (worn)
Jewellery
 s - an amulet of magic regeneration (around neck)
Scrolls
 e - 2 scrolls of teleportation {unknown}
 f - a scroll of amnesia {unknown}
 g - 2 scrolls of fog {unknown}
 m - 3 scrolls of identify {unknown}
 r - a scroll of immolation {unknown}
Potions
 h - 2 potions of lignification {unknown}
 i - 5 potions of curing {unknown}
 j - a potion of haste {unknown}
 k - 2 potions of mutation {unknown}
 n - a potion of resistance {unknown}
 o - 2 potions of berserk rage {unknown}
 p - a potion of heal wounds {unknown}
Books
 c - a book of Battle

   Spells                             Type                      Level
   a - Infusion                       Charms                       1
   b - Shroud of Golubria             Charms/Translocation         2
   c - Song of Slaying                Charms                       2
   d - Spectral Weapon                Hexes/Charms                 3
   e - Regeneration                   Charms/Necromancy            3
Comestibles
 d - 6 rations
 q - a chunk of flesh


   Skills:
 + Level 2.5 Fighting
 + Level 4.0 Axes
 + Level 1.7 Armour
 + Level 2.6 Dodging
 + Level 2.2 Spellcasting
 + Level 3.2 Charms


You had 7 spell levels left.
You knew the following spells:

 Your Spells              Type           Power        Failure   Level  Hunger
a - Infusion              Chrm           #...         30%         1    ##.....


Dungeon Overview and Level Annotations

Branches:
Dungeon (4/15)
 Temple: D:4-7

Altars:
Makhleb

Shops:
D:4 [


Message History

The orc is severely wounded.
You are no longer magically infusing your attacks.
The orc hits you but does no damage.
You are electrocuted!
* * * LOW HITPOINT WARNING * * *
You hit the orc but do no damage.
The orc is severely wounded.
The orc closely misses you.
You hit the orc.
The orc is almost dead.
You hit the orc wizard. The orc wizard barely misses you.
The orc closely misses you.
The orc wizard hits you but does no damage.
Your scale mail prevents you from hitting the orc.
The orc is almost dead.
You hit the orc wizard.
You kill the orc wizard!
Your Axes skill increases to level 4!
The orc closely misses you. The orc hits you but does no damage.
You are electrocuted!
You die...

#.# #.# #.# ##.#
#.# #..#
##.###..# #
##.#.##..#
#.##.###.#..#
#...## ##..(#
####)###.#.######
##@#.##......#
##o########g# #.#
#.# #.# #.# #.#
#.# #.# #####g#
#. #.# #.....# ..
#.. #.##### #.
##. #.# #o


You could see an orc.

Vanquished Creatures
  2 orc wizards
  2 adders
  An ooze (D:2)
  An adder skeleton (D:4)
  2 worms (D:2)
  2 dart slugs
  8 orcs
  3 bats
  5 giant cockroaches
  8 goblins
  3 hobgoblins
  A jackal (D:2)
  14 kobolds
  A quokka (D:3)
  2 frilled lizards (D:2)
  8 rats
63 creatures vanquished.

Notes
Turn   | Place    | Note
-------+----------+-------------------------------------------
     0 | D:1      | Kairos the Human Skald began the quest for the Orb.
     0 | D:1      | Reached XP level 1. HP: 16/16 MP: 3/3
    84 | D:1      | Reached XP level 2. HP: 17/22 MP: 5/5
   556 | D:1      | Reached XP level 3. HP: 27/27 MP: 6/6
  1028 | D:2      | Reached skill level 3 in Axes
  1191 | D:2      | Reached XP level 4. HP: 33/33 MP: 7/7
  1770 | D:2      | Found a burning altar of Makhleb.
  2285 | D:3      | Reached XP level 5. HP: 17/39 MP: 4/8
  2590 | D:4      | Found Tydi's Armour Shoppe.
  2914 | D:4      | Reached skill level 4 in Axes
  2914 | D:4      | Mangled by an orc

Skill      XL: |  1  2  3  4  5 |
---------------+----------------+-----
Axes           | 3 4 |  4.0
Fighting       | |  2.5
Armour         | |  1.7
Dodging        | |  2.6
Spellcasting   | |  2.2
Charms         | |  3.2

Action                   |  1- 3 |  4- 6 || total
-------------------------+-------+-------++-------
Melee: Hand axe          |   117 |   120 ||   237
 Cast: Infusion          |     1 |     4 ||     5
  Eat: Chunk             |       |     7 ||     7
Armor: Leather armour    |    22 |       ||    22
       Scale mail        |    22 |    52 ||    74
Dodge: Dodged            |    76 |    64 ||   140
